AoeStats
← killinserotonin

Arabia

511441808Analyzed
2v2 RM · 1mo ago on Oct 5, 2026· 42m 42s· 4 players
Game mode
Random Map
Map size
Medium (4 player)
Population
200
Speed
Normal
Resources
Standard
Victory
Conquest
Starting age
Dark Age
Ending age
Imperial Age
RankedLock teamsTeams togetherTeam positionsShared explorationLock speedFull tech treeHidden civsTurbo modeCheats
Victory
Defeat
🇺🇸 Bengalis · United States
1189
+14
🇺🇸 Magyars · United States
1166
+14
vs
🇺🇸 Maya · United States
1144
-14
🇺🇸 Varangians · United States
1139
-14
killinserotonin
7:57 Loom
9:56 Feudal Age
12:40 Double-Bit Axe
18:44 Wheelbarrow
20:38 Castle Age
19:32 Bloodlines
19:22 Gold Mining
20:07 Scale Barding Armor
22:15 Bow Saw
21:52 Horse Collar
23:52 Wheelbarrow
24:11 Husbandry
26:14 Chain Barding Armor
28:32 Town Watch
30:10 Heavy Plow
33:44 Hand Cart
39:56 Imperial Age
39:59 Cavalier
41:15 Plate Barding Armor
Preth
7:15 Loom
10:13 Feudal Age
12:03 Double-Bit Axe
16:52 Castle Age
18:41 Light Cavalry
29:47 Fletching
41:35 Bloodlines
43:10 Scale Barding Armor
SpaceEagle
0:25 Loom
9:22 Feudal Age
10:16 Double-Bit Axe
12:37 Fletching
23:42 Castle Age
21:38 Gold Mining
23:32 Scale Mail Armor
23:51 Horse Collar
24:49 Squires
24:09 Eagle Warrior
25:33 Crossbowman
28:14 Bodkin Arrow
28:59 Pikeman
35:29 Chain Mail Armor
38:59 Stone Mining
Duckinator9000
7:04 Loom
9:39 Feudal Age
10:10 Double-Bit Axe
21:23 Castle Age
20:00 Wheelbarrow
22:29 Bloodlines
22:20 Husbandry
22:54 Squires
23:44 Scale Mail Armor
23:54 Forging
23:59 Horse Collar
24:11 Gambesons
26:54 Heavy Plow
27:06 Bow Saw
28:15 Scale Barding Armor
28:50 Hand Cart
30:36 Chain Barding Armor
33:20 Iron Casting
34:25 Chain Mail Armor
39:32 Imperial Age
40:05 Elite Varangian Guard
Connection lost

Rejoining the realm…

Still unreachable

The connection could not be restored.

Session expired

The server has moved on; the page needs a fresh start.